 Dungeon Crawl Stone Soup version 0.28-a0-1182-g381e24db82 (webtiles) character file.

Game seed: 1667204851685878984

242 ytrimaz the Insei (level 6, -1/39 HPs)
             Began as an Octopode Transmuter on Dec 16, 2021.
             Slain by a white imp (3 damage)
             ... on level 6 of the Dungeon.
             The game lasted 00:03:22 (3821 turns).

ytrimaz the Insei (Octopode Transmuter)             Turns: 3821, Time: 00:03:23

Health: -1/39      AC:  1    Str:  9    XL:     6   Next: 9%
Magic:  9/11       EV: 13    Int: 18    God:
Gold:   743        SH:  0    Dex: 12    Spells: 5/11 levels left

rFire   + . .      SeeInvis .     - Unarmed
rCold   + . .      Faith    .   (no shield)
rNeg    . . .      Spirit   .   (helmet restricted)
rPois   +          Reflect  .   (no amulet)
rElec   +          Harm     .   (no ring)
rCorr   +          Rampage  .   (no ring)
Will    .....                   (no ring)
Stlth   ++........              (no ring)
HPRegen 0.13/turn               (no ring)
MPRegen 0.12/turn               (no ring)
                                (no ring)
                                (no ring)

@: brilliant, resistant
A: almost no armour, amphibious, 8 rings, camouflage 1, gelatinous body 1,
(nimble swimmer 1), tentacles
a: no special abilities


You were on level 6 of the Dungeon.
You visited 1 branch of the dungeon, and saw 5 of its levels.

You collected 743 gold pieces.

Inventory:

Scrolls
 b - 5 scrolls of amnesia
 c - a scroll of enchant armour
 g - a scroll of immolation {unknown}
 h - a scroll of brand weapon {unknown}
 i - a scroll of noise {unknown}
 j - 2 scrolls of blinking {unknown}
 l - 2 scrolls of teleportation {unknown}
 m - a scroll of enchant weapon {unknown}
Potions
 d - a potion of brilliance
 f - 2 potions of might


   Skills:
 * Level 2.2 Fighting
 * Level 2.8 Dodging
 + Level 4.0 Unarmed Combat
 * Level 3.3 Spellcasting
 * Level 3.3 Transmutations


You had 5 spell levels left.
You knew the following spells:

 Your Spells              Type           Power      Damage    Failure   Level
a - Beastly Appendage     Tmut           44%        N/A       4%          1
b - Wereblood             Tmut           22%        N/A       6%          2
c - Spider Form           Tmut/Pois      13%        N/A       24%         3

Your spell library contained the following spells:

 Spells                   Type           Power      Damage    Failure   Level
 Ice Form                 Ice/Tmut       13%        N/A       61%         4


Dungeon Overview and Level Annotations

Branches:
Dungeon (4/15)
 Temple: D:4-7

Altars:
Qazlal


Innate Abilities, Weirdness & Mutations

You cannot wear most types of armour.
You are amphibious.
You can wear up to eight rings at the same time.
Your skin changes colour to match your surroundings (Stealth+).
Your rubbery body absorbs attacks. (AC +1, EV +1)
((You are camouflaged near water. (Stealth+)))
You have tentacles for arms and can constrict up to eight enemies at once.


Message History

Found a leather armour and 15 gold pieces.
There is a stone staircase leading down here.
Found 21 stones.
Found a scroll labelled UTOGED LEOXZUR.
You see here 21 stones.
A white imp comes into view.
The white imp shouts, "Begone, thou hateful wibble-sucking malt-worm!"
The white imp gestures at you. The puff of frost misses you.
An adder comes into view.
The white imp gestures at you. The puff of frost hits you!
* * * LOW HITPOINT WARNING * * *
You see here a scroll labelled UTOGED LEOXZUR.
l - 2 scrolls labelled UTOGED LEOXZUR (gained 1)
You feel better.
The adder hisses angrily.
The white imp grins evilly.
The white imp gestures at you. The puff of frost hits you!
* * * LOW HITPOINT WARNING * * *
A centaur skeleton comes into view.
The centaur skeleton moves out of view.
You feel clever all of a sudden.
You feel protected.
You feel better. The white imp completely misses you.
The white imp gestures at you. The puff of frost hits you. You resist.
* * * LOW HITPOINT WARNING * * *
Your extra speed is starting to run out.
Found a scroll of amnesia.
You see here a scroll of amnesia.
You feel yourself slow down. The gnoll barely misses you.
The gnoll closely misses you. The gnoll barely misses you.
The gnoll hits you with a +0 spear!
* * * LOW HITPOINT WARNING * * *
The white imp hits you.
You die...

#. S .#.. ...#
##.##.# ..####.###
...#.#####.#.Z....#
###..#.#.....#.##.#5#
..#..#............#.#
..................#.#
..#...##.#####.#....#
#.#...(..# #...5..#
....#.#### #.#@##.#
##..#.# ...#Sg#.#
g..>..# ##.##.#Z#
###...# ..##.#g# #
#....... ####.#.# #
##....... #?..#S# #
##....... #.###.# #
#....... #.###.# #
#....... #...S.#


You could see a gnoll, an adder and a white imp.

Vanquished Creatures
  A hound (D:4)
  A gnoll shaman (D:6)
  Jessica (D:3)
  Terence (D:3)
  A hound zombie (D:3)
  4 adders
  2 gnolls (D:6)
  3 dart slugs
  An orc (D:4)
  4 endoplasms
  4 giant cockroaches
  7 goblins
  2 hobgoblins
  2 jackals (D:4)
  4 quokkas
  5 ball pythons
  5 bats
  4 frilled lizards
  4 kobolds
  5 rats
61 creatures vanquished.

Notes
Turn   | Place    | Note
-------+----------+-------------------------------------------
     0 | D:1      | ytrimaz the Octopode Transmuter began the quest for the
                  | Orb.
     0 | D:1      | Reached XP level 1. HP: 13/13 MP: 3/3
   341 | D:1      | Reached XP level 2. HP: 18/18 MP: 3/5
   349 | D:1      | Learned a level 2 spell: Wereblood
  1145 | D:2      | Found a stormy altar of Qazlal.
  1339 | D:2      | Reached XP level 3. HP: 19/23 MP: 4/6
  1343 | D:2      | Learned a level 3 spell: Spider Form
  2251 | D:2      | Identified a scroll of acquirement
  2255 | D:3      | Acquired 623 gold pieces
  2346 | D:3      | Reached XP level 4. HP: 22/28 MP: 5/7
  2435 | D:3      | Noticed Jessica
  2445 | D:3      | Noticed Terence
  2447 | D:3      | Killed Jessica
  2452 | D:3      | Killed Terence
  2461 | D:3      | Reached XP level 5. HP: 12/34 MP: 5/9
  3728 | D:4      | You fall into a shaft and drop 2 floors!
  3751 | D:6      | Reached skill level 4 in Unarmed Combat
  3751 | D:6      | Reached XP level 6. HP: 39/39 MP: 2/11
  3783 | D:6      | HP: 1/39 [white imp/puff of frost (10)]
  3821 | D:6      | Slain by a white imp

Illustrated notes

Levels and vault maps discovered:
D:1:      psy_arrival_radial02, layout_basic, item_on_display_a
D:2:      layout_loops_cross, basic_altar, grunt_ministairs_10
D:3:      layout_loops_ring, bh_walls_and_bars, uniq_terence, uniq_jessica
D:4:      layout_cave_pools, lemuel_coloured_pillars_altar,
          minmay_temple_entry_mini_moons, sigmund_army
D:6:      layout_basic, serial_shops, shop_statue

Skill      XL: |  1  2  3  4  5 |
---------------+----------------+-----
Spellcasting   | 3 |  3.3
Transmutations | 3 |  3.3
Fighting       | 2 |  2.2
Unarmed Combat | 4 |  4.0
Dodging        | |  2.8

Action                   |  1- 3 |  4- 6 || total
-------------------------+-------+-------++-------
Melee: Unarmed           |    71 |    79 ||   150
       Constrict         |    15 |    18 ||    33
       Tentacles         |    14 |    12 ||    26
       Kick              |     8 |     7 ||    15
       Punch             |     1 |     1 ||     2
 Cast: Beastly Appendage |    22 |     8 ||    30
       Spider Form       |       |     3 ||     3
  Use: Scroll            |     7 |     3 ||    10
       Potion            |       |     5 ||     5
 Stab: Sleeping          |     5 |     2 ||     7
       Distracted        |       |     1 ||     1
Armor: Skin              |     8 |     3 ||    11
Dodge: Dodged            |    54 |    58 ||   112

Table legend: (Time is in decaauts)
 A = Elapsed time spent in this place.
 B = Non-inter-level travel time spent in this place.
 C = Inter-level travel time spent in this place.
 D = Time resting spent in this place.
 E = Time spent auto-exploring this place.
 F = Levels seen in this place.
 G = Mean time per level.
                   A        B        C        D        E       F      G
               +--------+--------+--------+--------+--------+-----+--------+
         Total |   3792 |   3743 |     49 |    217 |   2923 |   5 |  758.4 |
       Dungeon |   3792 |   3743 |     49 |    217 |   2923 |   5 |  758.4 |
               +--------+--------+--------+--------+--------+-----+--------+

Top non-repeatable levels by time:
     D:3: 1241 daAuts
     D:2: 1156 daAuts
     D:1: 1093 daAuts
     D:4: 228 daAuts
     D:6: 72 daAuts
